 Dungeon Crawl Stone Soup version 0.32-a0-861-g165e151e72 (webtiles) character file.

Game seed: 17524146495363787588

5 Ajdolov the Digger (level 1, 0/14 HPs)
             Began as a Ghoul Earth Elementalist on Mar 28, 2024.
             Slain by a frilled lizard (3 damage)
             ... on level 1 of the Dungeon.
             The game lasted 00:00:31 (219 turns).

Ajdolov the Digger (Ghoul Earth Elementalist)        Turns: 219, Time: 00:00:31

Health: 0/14       AC:  2    Str: 11    XL:     1   Next: 80%
Magic:  0/3        EV: 11    Int: 14    God:
Gold:   36         SH:  0    Dex:  9    Spells: 3/4 levels left

rFire   . . .        (no weapon)
rCold   + . .        (no shield)
rNeg    + + +        a - +0 robe
rPois   ∞            (no helmet)
rElec   .            (no cloak)
rCorr   .            (no gloves)
SInv    .            (no boots)
Will    .....        (no amulet)
Stlth   ++           (no ring)
HPRegen 0.00/turn    (no ring)
MPRegen 0.08/turn

%: no passive effects
@: inhibited regen
A: claws 1, cold resistance 1, negative energy resistance 3, inhibited
regeneration, torment resistance 2, devour on kill
a: no special abilities


You were on level 1 of the Dungeon.
You visited 1 branch of the dungeon, and saw 1 of its levels.

You collected 36 gold pieces.

Inventory:

Armour
 a - a +0 robe (worn)
Potions
 b - a potion of magic
 c - a potion of lignification {unknown}
 d - a potion of resistance {unknown}


   Skills:
 - Level 1.7 Dodging
 - Level 2.1 Stealth
 + Level 2.0 Spellcasting
 - Level 0.7 Conjurations
 + Level 3.5 Earth Magic


You had 3 spell levels left.
You knew the following spells:

 Your Spells              Type           Power      Damage    Failure   Level
a - Sandblast             Erth           22%        2d7       5%          1

Your spell library contained the following spells:

 Spells                   Type           Power      Damage    Failure   Level
 Passwall                 Erth           11%        N/A       17%         3
 Stone Arrow              Conj/Erth      14%        3d7       30%         3
 Brom's Barrelling Bould  Conj/Erth      7%         2d3       69%         4
 Petrify                  Alch/Erth      6%         N/A       75%         4


Dungeon Overview and Level Annotations

Branches:
Dungeon (1/15)

Altars:


Innate Abilities, Weirdness & Mutations

You are immune to poison.
You have sharp fingernails.
Your flesh is cold resistant. (rC+)
You are immune to negative energy. (rN+++)
You do not regenerate when monsters are visible.
You are immune to unholy pain and torment.
You thrive by killing the living.


Message History

You kill the goblin!
You now have 28 gold pieces (gained 13).
A bat comes into view.
The bat barely misses you.
The blast of sand hits the bat.
The bat is severely wounded.
The bat hits you but does no damage. The bat closely misses you.
The blast of sand hits the bat!
You kill the bat!
You now have 36 gold pieces (gained 8).
c - a clear potion A rat comes into view.
The rat squeaks loudly.
The blast of sand hits the rat.
You kill the rat!
d - a lumpy green potion A quokka and a frilled lizard come into view.
The frilled lizard hisses angrily.
The blast of sand misses the quokka.
The blast of sand hits the quokka.
The quokka is almost dead.
The quokka bites you.
The blast of sand hits the quokka but does no damage.
The quokka is almost dead.
The quokka bites you. The quokka barely misses you.
The quokka attacks as it pursues you!
The quokka bites you but does no damage.
You barely miss the quokka.
The quokka is almost dead.
The quokka bites you. x2
* * * LOW HITPOINT WARNING * * *
You scratch the quokka.
You kill the quokka!
Your Spellcasting skill increases to level 2!
You closely miss the frilled lizard. The frilled lizard bites you.
* * * LOW HITPOINT WARNING * * *
Unknown command.
The frilled lizard attacks as it pursues you!
The frilled lizard bites you.
You die...

.......# #.#
#...#### #.#
##.## #.#
##.#### #.#
......# # ##
######.#
##.##.# #.# #.
...##.# ##.# #
#..#. ###.##.#
##..
##...##......#
#####
#.....l@..####
..#
#...$.##.#.#
..#
##.#.........
###
#....####.###
# ..... #.#
##...# #.# .
#... #.. .
#... #. .


You could see a frilled lizard.

Vanquished Creatures
  A bat (D:1)
  A goblin (D:1)
  A quokka (D:1)
  A frilled lizard (D:1)
  A rat (D:1)
5 creatures vanquished.

Notes
Turn   | Place    | Note
-------+----------+-------------------------------------------
     0 | D:1      | Ajdolov the Ghoul Earth Elementalist began the quest for
                  | the Orb.
     0 | D:1      | Reached XP level 1. HP: 14/14 MP: 3/3
   219 | D:1      | Slain by a frilled lizard

Illustrated notes

Levels and vault maps discovered:
D:1:      minmay_arrival_pointy, layout_loops_cross, hangedman_glass_teeth,
          st_stairs_12

Skill      XL: |  1 |
---------------+----+-----
Spellcasting   | 2 |  2.0
Dodging        | |  1.7
Stealth        | |  2.1
Conjurations   | |  0.7
Earth Magic    | |  3.5

Action                     || total
---------------------------++-------
  Melee: Unarmed           ||     3
   Cast: Sandblast         ||     8
 Armour: Robe              ||     8
  Dodge: Dodged            ||     3

Table legend: (Time is in decaauts)
 A = Elapsed time spent in this place.
 B = Non-inter-level travel time spent in this place.
 C = Inter-level travel time spent in this place.
 D = Time resting spent in this place.
 E = Time spent auto-exploring this place.
 F = Levels seen in this place.
 G = Mean time per level.
                   A        B        C        D        E       F      G
               +--------+--------+--------+--------+--------+-----+--------+
         Total |    223 |    223 |      0 |      0 |    189 |   1 |  223.0 |
       Dungeon |    223 |    223 |      0 |      0 |    189 |   1 |  223.0 |
               +--------+--------+--------+--------+--------+-----+--------+

Top non-repeatable levels by time:
     D:1: 223 daAuts
